AoeStats
← blacksword173

Arabia

510150130Analyzed
2v2 RM · 2d ago on Sep 29, 2026· 34m 3s· 4 players
Game mode
Random Map
Map size
Medium (4 player)
Population
200
Speed
Normal
Resources
Standard
Victory
Conquest
Starting age
Dark Age
Ending age
Imperial Age
RankedLock teamsTeams togetherTeam positionsShared explorationLock speedFull tech treeHidden civsTurbo modeCheats
Victory
Defeat
🇪🇸 Aztecs · Spain
994
+14
🇪🇸 Burgundians · Spain
949
+15
🇬🇧 Varangians · United Kingdom
939
-15
🇬🇧 Huns · United Kingdom
938
-14
the_drab_ardvark
5:37 Loom
10:48 Feudal Age
11:59 Double-Bit Axe
14:19 Bloodlines
22:16 Castle Age
20:32 Horse Collar
22:25 Scale Mail Armor
22:35 Pikeman
28:26 Chain Mail Armor
31:33 Padded Archer Armor
32:00 Husbandry
WarNoob
10:44 Feudal Age
11:04 Loom
11:43 Double-Bit Axe
13:08 Bloodlines
24:51 Castle Age
25:31 Fletching
26:14 Bow Saw
25:55 Gold Mining
25:48 Horse Collar
26:36 Scale Barding Armor
27:07 Bodkin Arrow
31:13 Forging
charmoleck
8:06 Loom
11:28 Feudal Age
16:54 Castle Age
17:57 Horse Collar
18:03 Double-Bit Axe
25:05 Husbandry
28:51 Wheelbarrow
29:25 Light Cavalry
30:57 Hand Cart
30:27 Town Watch
30:53 Scale Barding Armor
30:59 Forging
32:00 Gold Mining
32:51 Cavalier
34:54 Iron Casting
blacksword173
3:52 Loom
6:38 Loom
6:45 Loom
6:47 Loom
10:06 Feudal Age
10:45 Man-at-Arms
13:31 Double-Bit Axe
17:06 Horse Collar
20:04 Wheelbarrow
24:07 Castle Age
22:29 Gold Mining
22:50 Scale Mail Armor
24:28 Forging
24:51 Squires
25:10 Chain Mail Armor
24:55 Eagle Warrior
28:53 Pikeman
30:01 Stone Mining
30:34 Bow Saw
32:34 Hand Cart
33:15 Iron Casting
Connection lost

Rejoining the realm…

Still unreachable

The connection could not be restored.

Session expired

The server has moved on; the page needs a fresh start.